 Dungeon Crawl Stone Soup version 0.22.1-5-g62c59d919a (webtiles) character file.

33 Brecoman the Ruffian (level 3, 0/31 HPs)
             Began as a Ghoul Monk on Jan 10, 2019.
             Slain by Robin
             ... wielding a +0 mace
              (6 damage)
             ... on level 2 of the Dungeon.
             The game lasted 00:02:29 (1051 turns).

Brecoman the Ruffian (Ghoul Monk)                   Turns: 1051, Time: 00:02:30

Health: 0/31       AC:  6    Str: 15    XL:     3   Next: 29%
Magic:  2/2        EV: 11    Int:  5    God:
Gold:   53         SH:  0    Dex: 11    Spells: 2/2 levels left

rFire    . . .     SeeInvis .     - Unarmed
rCold    + . .     Gourm    .   (no shield)
rNeg     + + +     Faith    .   k - +0 ring mail
rPois    ∞         Spirit   .   f - +0 helmet
rElec    .         Reflect  .   (no cloak)
rCorr    .         Harm     .   (no gloves)
MR       .....                  (no boots)
Stlth    +.........             (no amulet)
HPRegen  0.00/turn              (no ring)
MPRegen  0.08/turn              (no ring)

@: rotting
A: rotting body, claws 1, carnivore, cold resistance 1, negative energy
resistance 3, inhibited regeneration, torment resistance, unbreathing
a: no special abilities


You were on level 2 of the Dungeon.
You were not hungry.

You visited 1 branch of the dungeon, and saw 2 of its levels.

You collected 53 gold pieces.

Inventory:

Armour
 a - a +0 robe
 f - a +0 helmet (worn)
 k - a +0 ring mail (worn)
 l - a cursed +0 ring mail
Scrolls
 e - 2 scrolls of teleportation {unknown}
 g - a scroll of identify {unknown}
 h - a scroll of remove curse {unknown}
Potions
 c - 2 potions of cancellation {unknown}
 i - a potion of invisibility {unknown}
 j - 2 potions of degeneration {unknown}
 m - a potion of heal wounds {unknown}
Comestibles
 b - 4 rations
 d - 2 chunks of flesh


   Skills:
 + Level 3.5 Fighting
 + Level 3.0 Dodging
 + Level 2.3 Stealth
 + Level 4.1 Unarmed Combat


You had 2 spell levels left.
You didn't know any spells.
Your spell library was empty.

Dungeon Overview and Level Annotations

Branches:
Dungeon (2/15)

Altars:

Annotations:
D:2 Robin


Innate Abilities, Weirdness & Mutations

Your body is rotting away.
You thrive on raw meat.
You are immune to poison.
You have sharp fingernails.
You are carnivorous and can eat meat at any time.
Your flesh is cold resistant. (rC+)
You are immune to negative energy. (rN+++)
You do not regenerate when monsters are visible.
You are immune to unholy pain and torment.
You can survive without breathing.


Message History

Robin is moderately wounded.
The goblin no longer looks unusually strong.
Robin hits you with a mace. The goblin misses you.
You scratch the goblin.
The goblin is heavily wounded.
The goblin barely misses you. Robin hits you with a mace.
* * * LOW HITPOINT WARNING * * *
A rat comes into view.
You scratch the goblin.
You kill the goblin!
The hobgoblin no longer looks unusually strong.
Robin hits you but does no damage.
You see here a goblin corpse.
Robin hits you with a mace.
* * * LOW HITPOINT WARNING * * *
Eat one of 3 chunks of flesh? (ye/n/q)
You eat one of the 3 chunks of flesh.
This raw flesh tastes great!
The goblin no longer looks unusually strong.
Robin hits you with a mace.
You die...

.# .# .# .########
.........
###################
........)..........
###########.#############
# ........rwgg@†....... #
##.......g#####.##### #
#.%#####... .. # #..
##.g# ## .. .... . ..###
.g. ....


You could see a worm, Robin, a hobgoblin, a goblin and a rat.

Vanquished Creatures
  A worm (D:2)
  2 bats (D:1)
  A giant cockroach (D:2)
  9 goblins
  4 hobgoblins
  4 jackals (D:1)
  A frilled lizard (D:1)
  3 kobolds
  3 rats (D:1)
28 creatures vanquished.

Notes
Turn   | Place    | Note
-------+----------+-------------------------------------------
     0 | D:1      | Brecoman the Ghoul Monk began the quest for the Orb.
     0 | D:1      | Reached XP level 1. HP: 19/19 MP: 0/0
   234 | D:1      | Reached XP level 2. HP: 23/26 MP: 1/1
  1003 | D:2      | Reached skill level 4 in Unarmed Combat
  1003 | D:2      | Reached XP level 3. HP: 31/31 MP: 2/2
  1029 | D:2      | Noticed Robin
  1051 | D:2      | Slain by Robin

Skill      XL: |  1  2 |
---------------+-------+-----
Dodging        | 3 |  3.0
Unarmed Combat | 4 |  4.1
Fighting       | |  3.5
Stealth        | |  2.3

Action                   || total
-------------------------++-------
Melee: Unarmed           ||    90
 Stab: Sleeping          ||     3
  Eat: Chunk             ||     8
Armor: Robe              ||     9
       Ring mail         ||    12
Dodge: Dodged            ||    57
